AoeStats
← SLTD.NinjaXXCrowXX

Runestones

508344288Analyzed
1v1 RM · 11d ago on Sep 22, 2026· 45m 14s· 2 players
Game mode
Random Map
Map size
Tiny (2 player)
Population
200
Speed
Normal
Resources
Standard
Victory
Conquest
Starting age
Dark Age
Ending age
Imperial Age
RankedLock teamsTeams togetherTeam positionsShared explorationLock speedFull tech treeHidden civsTurbo modeCheats
Victory
Defeat
🇺🇸 Georgians · United States
1145
+14
🇺🇸 Bohemians · United States
1102
-14
Vule_Xyrashue
6:46 Loom
9:26 Feudal Age
9:46 Man-at-Arms
13:39 Double-Bit Axe
20:04 Wheelbarrow
22:29 Castle Age
21:54 Fletching
21:46 Horse Collar
23:06 Crossbowman
23:44 Bodkin Arrow
24:15 Bow Saw
24:31 Padded Archer Armor
25:28 Ballistics
26:15 Fervor
27:15 Chemistry
31:00 Heavy Plow
31:22 Hand Cart
30:53 Town Watch
31:03 Pikeman
34:34 Town Patrol
38:27 Imperial Age
38:14 Leather Archer Armor
38:00 Scale Mail Armor
38:39 Arbalester
39:25 Bracer
39:56 Ring Archer Armor
38:49 Halberdier
39:42 Squires
40:32 Chain Mail Armor
42:16 Two-Man Saw
43:45 Houfnice
SLTD.NinjaXXCrowXX
10:59 Feudal Age
11:23 Loom
13:04 Horse Collar
13:12 Double-Bit Axe
19:33 Castle Age
19:28 Wheelbarrow
20:26 Scale Barding Armor
21:02 Scale Mail Armor
21:14 Forging
27:22 Chain Barding Armor
28:33 Bow Saw
34:29 Wheelbarrow
37:16 Imperial Age
36:59 Bloodlines
36:49 Husbandry
37:28 Iron Casting
38:34 Conscription
41:15 Plate Barding Armor
41:24 Hand Cart
41:06 Cavalier
42:35 Ballistics
43:10 Gold Mining
Connection lost

Rejoining the realm…

Still unreachable

The connection could not be restored.

Session expired

The server has moved on; the page needs a fresh start.